 Dungeon Crawl Stone Soup version 0.21.1-1-g345015f (webtiles) character file.

50 Fang the Skirmisher (level 3, -1/24 HPs)
             Began as a Gargoyle Berserker on June 11, 2018.
             Was a Believer of Trog.
             Slain by Sigmund
             ... wielding a +0 scythe
              (7 damage)
             ... on level 2 of the Dungeon.
             The game lasted 00:01:03 (851 turns).

Fang the Skirmisher (Gargoyle Berserker)             Turns: 851, Time: 00:01:04

Health: -1/24      AC:  5    Str: 21    XL:     3   Next: 79%
Magic:  3/3        EV: 12    Int:  7    God:    Trog [**....]
Gold:   64         SH:  0    Dex:  9    Spells: 2/2 levels left

rFire    . . .     SeeInvis .   a - +0 hand axe
rCold    . . .     Gourm    .   (no shield)
rNeg     + . .     Faith    .   b - +0 animal skin
rPois    ∞         Spirit   .   (no helmet)
rElec    +         Reflect  .   (no cloak)
rCorr    .         Harm     .   (no gloves)
MR       .....                  (no boots)
Stlth    +.........             (no amulet)
HPRegen  0.08/turn              (no ring)
MPRegen  0.08/turn              (no ring)

@: berserk cooldown, slowed, very slow
A: negative energy resistance 1, electricity resistance, unbreathing,
petrification resistance, rot immunity, AC +3
a: Berserk, Trog's Hand, Burn Spellbooks, Renounce Religion


You were on level 2 of the Dungeon.
You worshipped Trog.
Trog was pleased with you.
You were near starving.

You visited 1 branch of the dungeon, and saw 2 of its levels.

You collected 64 gold pieces.

Inventory:

Hand Weapons
 a - a +0 hand axe (weapon)
Armour
 b - a +0 animal skin (worn)
Jewellery
 h - a cursed ring of loudness {unknown}
Scrolls
 f - 2 scrolls of blinking {unknown}
 g - 2 scrolls of remove curse {unknown}
 l - a scroll of enchant armour {unknown}
Potions
 d - a potion of brilliance {unknown}
 e - a potion of resistance {unknown}
 i - a potion of ambrosia {unknown}
 j - a potion of lignification {unknown}
 k - a potion of degeneration {unknown}
Comestibles
 c - 4 rations


   Skills:
 + Level 4.0 Fighting
 + Level 3.3 Axes
 + Level 2.3 Armour
 + Level 1.8 Dodging
 + Level 0.1 Stealth


You had 2 spell levels left.
You didn't know any spells.

Dungeon Overview and Level Annotations

Branches:
Dungeon (2/15)

Altars:

Annotations:
D:2 Sigmund


Innate Abilities, Weirdness & Mutations

You are resistant to torment.
Your stone body is resilient. (AC +3)
You are immune to poison.
You resist negative energy. (rN+)
You are resistant to electric shocks. (rElec)
You can survive without breathing.
You are immune to petrification.
You are immune to rotting.


Message History

You slash the worm!
The worm is severely wounded.
The goblin throws a stone.
The stone hits you but does no damage. The worm bites you but does no damage.
Unknown command.
You slash the worm!
You kill the worm!
Trog accepts your kill.
The goblin throws a stone.
The stone hits you but does no damage.
Unknown command.
Sigmund the Dreaded comes into view.
He is wielding a scythe.
Sigmund shouts!
The goblin throws a stone.
The stone barely misses you.
You feel a strong urge to attack something.
The goblin throws a stone.
The stone closely misses you.
You feel your anger nearly subside.
You are no longer berserk.
You are exhausted.
You feel yourself slow down.
The goblin throws a stone.
The stone misses you. Sigmund hits you with a scythe!
You die...

.# ###### .#
########+###
.#
#...........
.#
#...........
.#
#...........
.#
#...........
## ..
#.%.g......(.
.....
#....@........
.....#
#...@.........
###.....#
#...........#
........#
#...........#
.......#
#...........##
.......#
#.............
.......#
#...(.........
.......#
######........
.......#
#.#######
.......# #.#


You could see Sigmund and a goblin.

Vanquished Creatures
  2 adders (D:2)
  2 worms (D:2)
  A leopard gecko (D:2)
  2 giant cockroaches (D:1)
  4 goblins
  4 hobgoblins
  A ball python (D:1)
  2 bats (D:1)
  A frilled lizard (D:2)
  A kobold (D:1)
  7 rats
27 creatures vanquished.

Notes
Turn   | Place    | Note
-------+----------+-------------------------------------------
     0 | D:1      | Fang the Gargoyle Berserker began the quest for the Orb.
     0 | D:1      | Reached XP level 1. HP: 14/14 MP: 1/1
   113 | D:1      | Reached XP level 2. HP: 13/19 MP: 2/2
   669 | D:2      | Reached XP level 3. HP: 24/24 MP: 3/3
   673 | D:2      | Reached ** piety under Trog
   673 | D:2      | Reached skill level 4 in Fighting
   847 | D:2      | Noticed Sigmund
   851 | D:2      | Slain by Sigmund

Skill      XL: |  1  2  3 |
---------------+----------+-----
Axes           | 3 |  3.3
Fighting       | 4 |  4.0
Armour         | |  2.3
Dodging        | |  1.8
Stealth        | |  0.1

Action                   || total
-------------------------++-------
Melee: Hand axe          ||    71
Invok: Berserk           ||     2
 Stab: Sleeping          ||     1
Armor: Animal skin       ||    27
Dodge: Dodged            ||    54
